 Dungeon Crawl Stone Soup version 0.24.0-13-gcf9b3192b9 (console) character file.

Game seed: 2788953761903357081, levelgen mode: deterministic

1117 AlterAsc the Changer (level 8, -11/50 HPs)
             Began as an Octopode Transmuter on Nov 9, 2019.
             Was a Follower of Wu Jian.
             Mangled by an orc warrior
             ... wielding a +0 halberd
              (18 damage)
             ... while paralysed
             ... on level 6 of the Dungeon.
             The game lasted 00:19:04 (5147 turns).

AlterAsc the Changer (Octopode Transmuter)          Turns: 5147, Time: 00:19:04

Health: -11/50     AC:  1    Str: 11    XL:     8   Next: 34%
Magic:  15/15      EV:  2    Int: 16    God:    Wu Jian [*.....]
Gold:   212        SH:  0    Dex: 17    Spells: 7/17 levels left

rFire    . . .     SeeInvis .     - Unarmed
rCold    . . .     Gourm    .   (no shield)
rNeg     . . .     Faith    .   (helmet restricted)
rPois    .         Spirit   .   p - amulet of rage
rElec    .         Reflect  .   h - +5 ring of dexterity
rCorr    +         Harm     .   w - ring of resist corrosion
MR       .....                  (no ring)
Stlth    +++.......             (no ring)
HPRegen  0.16/turn              (no ring)
MPRegen  0.14/turn              (no ring)
                                (no ring)
                                (no ring)

@: paralysed, berserk cooldown, slowed, lightly drained
A: almost no armour, stealthy swim, amphibious, 8 rings, constrict 8, camouflage
1, gelatinous body 1
a: Renounce Religion, Evoke Berserk Rage


You were on level 6 of the Dungeon.
You worshipped Wu Jian.
Wu Jian was aware of your devotion.
You were not hungry.

You visited 1 branch of the dungeon, and saw 6 of its levels.

You collected 248 gold pieces.
You spent 36 gold pieces at shops.

Inventory:

Missiles
 a - 23 arrows
 k - 20 poisoned darts (quivered)
Jewellery
 h - a +5 ring of dexterity (left tentacle)
 p - an amulet of rage (around mantle)
 w - a ring of resist corrosion (right tentacle)
Scrolls
 d - 3 scrolls of teleportation {unknown}
 f - a scroll of blinking {unknown}
 j - a scroll of fog {unknown}
 n - 7 scrolls of remove curse
 o - 2 scrolls of amnesia {unknown}
 q - a scroll of magic mapping {unknown}
 s - 2 scrolls of noise {unknown}
 x - a scroll of identify
Potions
 b - a potion of agility {unknown}
 e - 3 potions of degeneration
 i - 4 potions of mutation
 l - a potion of magic
 m - a potion of might {L, unknown}
 r - a potion of invisibility {L, unknown}
 t - a potion of brilliance {L, unknown}
 u - a potion of curing {L}
Comestibles
 c - 13 rations
 v - 5 chunks of flesh


   Skills:
 + Level 1.8(1.3) Fighting
 - Level 2.0(1.5) Dodging
 * Level 3.8(3.2) Unarmed Combat
 - Level 5.0(4.4) Spellcasting
 - Level 7.0(6.4) Transmutations
 - Level 3.0(2.4) Ice Magic


You had 7 spell levels left.
You knew the following spells:

 Your Spells              Type           Power        Failure   Level  Hunger
a - Beastly Appendage     Tmut           ###...       1%          1    None
b - Sticks to Snakes      Tmut           ###.....     1%          2    ##.....
c - Spider Form           Tmut/Pois      ##........   13%         3    ###....
d - Ice Form              Ice/Tmut       ###.....     26%         4    ####...

Your spell library contained the following spells:

 Spells                   Type           Power        Failure   Level  Hunger
 Blade Hands              Tmut           ###.......   30%         5    ######.


Dungeon Overview and Level Annotations

Branches:
Dungeon (6/15)
 Temple: D:4-7

Altars:
Cheibriados
Makhleb
Qazlal
Sif Muna
Vehumet
Wu Jian
Xom
The Shining One

Shops:
D:4 }   D:5 !


Innate Abilities, Weirdness & Mutations

You cannot wear most types of armour.
You are very stealthy in the water. (Stealth+)
You are amphibious.
You can wear up to eight rings at the same time.
You can use your tentacles to constrict eight enemies at once.
Your skin changes colour to match your surroundings (Stealth+).
Your rubbery body absorbs attacks. (AC +1, EV +1)


Message History

The orc priest casts a cantrip, but nothing happens.
Something hits you.
* * * LOW HITPOINT WARNING * * *
You pummel something!! You freeze something. The Council accepts your kill.
Reactivating autopickup.
You feel a bit more experienced.
You see here a mace.
You punch the orc priest! You freeze the orc priest.
You kill the orc priest!
The Council accepts your kill.
The orc warrior hits you from afar with a +0 halberd!
* * * LOW HITPOINT WARNING * * *
You warm up again.
You feel a strong urge to attack something.
You feel your anger nearly subside.
You are no longer berserk.
You pass out from exhaustion.
You feel yourself slow down.
The orc warrior hits you from afar with a +0 halberd!!
You die...

#.....# #.#.###
#.#.# #.#.#
#.#.# #.#.#
#.#.# #.#.#
#@######## ...
####.........
...
#..#o#######.
.... ##)o.....#
..#####)#####.#
#...##[# ##
#.#.##.# #o
#....oo# #.
###o####


You could see an orc warrior and an orc priest.

Vanquished Creatures
  A sky beast (D:5)
  An ogre (D:6)
  A centaur (D:5)
  A bullfrog (D:6)
  A scorpion (D:5)
  5 wights
  A howler monkey (D:4)
  A crimson imp (D:6)
  A bullfrog zombie (D:5)
  An orc priest (D:6)
  A hound (D:4)
  An orc wizard (D:6)
  An iguana (D:4)
  2 worker ants
  A killer bee zombie (D:6)
  A howler monkey zombie (D:5)
  10 gnolls
  4 adders
  A shadow imp (D:6)
  An ooze (D:3)
  An adder zombie (D:5)
  5 worms
  2 dart slugs
  7 leopard geckos
  An orc (D:6)
  2 ball pythons (D:1)
  3 giant cockroaches
  4 goblins
  10 hobgoblins
  7 jackals
  6 kobolds
  2 quokkas
  7 bats
  8 frilled lizards
  2 leopard gecko skeletons
  9 rats
  A butterfly (D:5)
114 creatures vanquished.

Notes
Turn   | Place    | Note
-------+----------+-------------------------------------------
     0 | D:1      | AlterAsc the Octopode Transmuter began the quest for the
                  | Orb.
     0 | D:1      | Reached XP level 1. HP: 13/13 MP: 3/3
    77 | D:1      | Reached XP level 2. HP: 15/18 MP: 3/5
    84 | D:1      | Learned a level 2 spell: Sticks to Snakes
   433 | D:1      | Reached XP level 3. HP: 14/23 MP: 6/6
   435 | D:1      | Reached skill level 3 in Transmutations
   485 | D:1      | Learned a level 3 spell: Spider Form
   946 | D:2      | Found a snail-covered altar of Cheibriados.
   967 | D:2      | Reached XP level 4. HP: 28/28 MP: 6/8
  1057 | D:2      | Found a faded altar of an unknown god.
  1221 | D:2      | Found a glowing golden altar of the Shining One.
  1274 | D:2      | Became a worshipper of the Shining One
  1724 | D:3      | Reached skill level 4 in Transmutations
  2045 | D:3      | Found an ornate altar of the Wu Jian Council.
  2049 | D:3      | Fell from the grace of the Shining One
  2049 | D:3      | Became a worshipper of the Wu Jian Council
  2071 | D:3      | Reached XP level 5. HP: 33/33 MP: 1/9
  2507 | D:3      | Learned a level 4 spell: Ice Form
  2729 | D:4      | Reached skill level 5 in Transmutations
  2729 | D:4      | Reached skill level 1 in Ice Magic
  2729 | D:4      | Reached XP level 6. HP: 37/38 MP: 7/11
  2990 | D:4      | Found Fije's Gadget Shop.
  3147 | D:5      | Entered Level 5 of the Dungeon
  3147 | D:5      | Found Cathroaz's Distillery.
  3150 | D:5      | Bought a potion of curing for 36 gold pieces
  3572 | D:5      | Noticed a sky beast
  3588 | D:5      | Killed a sky beast
  3588 | D:5      | Reached XP level 7. HP: 40/43 MP: 3/12
  3667 | D:5      | Reached skill level 6 in Transmutations
  3896 | D:5      | Found a stormy altar of Qazlal.
  3896 | D:5      | Found a shimmering blue altar of Sif Muna.
  3909 | D:5      | Found a burning altar of Makhleb.
  3911 | D:5      | Found a radiant altar of Vehumet.
  3914 | D:5      | Found a shimmering altar of Xom.
  4359 | D:5      | Reached * piety under Wu Jian
  4619 | D:6      | Reached XP level 8. HP: 40/48 MP: 9/14
  4628 | D:5      | Reached skill level 7 in Transmutations
  4891 | D:5      | Reached skill level 5 in Spellcasting
  5147 | D:6      | Mangled by an orc warrior

Levels and vault maps discovered:
D:1:      co_arrival_square_in_a_square_in_a_square, layout_rooms, minmay_vboxes
D:2:      layout_loops_cross, cheibriados_altar_1, first_ration,
          chequers_ecumenical_altar_simple, tso_metal_star
D:3:      layout_loops_cross, overflow_temple_1_default
D:4:      layout_basic, serial_shops, kennysheep_little_box
D:5:      layout_loops_corners, grunt_temple_overflow_open, serial_shops, shop,
          st_stairs_4, hangedman_glass_garden
D:6:      layout_basic, minmay_fountain_box, kennysheep_cross_bottleneck

Skill      XL: |  1  2  3  4  5  6  7  8 |
---------------+-------------------------+-----
Transmutations | 3 4 5 6 7 |  7.0
Spellcasting   | 3 4 5 |  5.0
Ice Magic      | 1 2 3 |  3.0
Fighting       | |  1.8
Dodging        | |  2.0
Unarmed Combat | |  3.8

Action                   |  1- 3 |  4- 6 |  7- 9 || total
-------------------------+-------+-------+-------++-------
Melee: Unarmed           |    64 |   148 |    82 ||   294
       Constrict         |    23 |    12 |       ||    35
       Kick              |    15 |     4 |       ||    19
       Tentacles         |     6 |     8 |       ||    14
       Punch             |     1 |       |       ||     1
Throw: Dart              |     7 |     8 |       ||    15
 Cast: Beastly Appendage |    19 |     9 |       ||    28
       Spider Form       |       |    20 |     2 ||    22
       Sticks to Snakes  |       |     1 |       ||     1
       Ice Form          |       |     1 |     9 ||    10
Invok: Lunge             |       |     4 |     4 ||     8
       Whirlwind         |       |       |     5 ||     5
  Use: Scroll            |       |     5 |       ||     5
       Potion            |       |       |     2 ||     2
 Stab: Sleeping          |     9 |     3 |       ||    12
  Eat: Chunk             |       |     9 |     2 ||    11
       Ration            |       |     1 |     2 ||     3
Armor: Skin              |     4 |     1 |    12 ||    17
Dodge: Dodged            |    34 |    99 |    40 ||   173
